 Dungeon Crawl Stone Soup version 0.29-a0-275-g389c0b56f3 (webtiles) character file.

Game seed: 17565110350257887857

143602 spaghetti the Tortoise (level 16, -23/152 HPs)
             Began as a Deep Dwarf Fighter on Mar 13, 2022.
             Was the Champion of Makhleb.
             Annihilated by a +2 battleaxe of venom (29 damage)
             ... on level 2 of the Elven Halls.
             The game lasted 00:53:09 (21720 turns).

spaghetti the Tortoise (Deep Dwarf Fighter)        Turns: 21720, Time: 00:53:09

Health: -23/152    AC: 44    Str: 30    XL:     16   Next: 83%
Magic:  18/18      EV:  6    Int: 15    God:    Makhleb [******]
Gold:   1193       SH: 14    Dex: 16    Spells: 9/15 levels left

rFire   . . .      SeeInvis .   a - +8 demon blade "Leech" {vamp, Harm Drain rN+, long}
rCold   . . .      Faith    .   P - +0 kite shield
rNeg    + + .      Spirit   .   K - +8 orange crystal plate armour {Archmagi, Int+3 Clar, rare=g}
rPois   .          Reflect  .   o - +0 helmet
rElec   .          Harm     +   S - +2 cloak {rCorr}
rCorr   +          Rampage  .   (no gloves)
Will    +++..      Archmagi +   (no boots)
Stlth   .......... Clarity  +   g - amulet of the acrobat
HPRegen 0.00/turn               t - ring "Waz Yliq" {AC+4 Str+3 Dex+4 Slay+2}
MPRegen 0.16/turn               c - +4 ring of slaying

@: lethally poisoned (-23 -> -53), hasted, very quick
A: damage resistance, heal wounds, negative energy resistance 1, sense
surroundings 2, no regeneration, fangs 1, strong-willed 1, strong 1
a: Heal Wounds, Renounce Religion, Minor Destruction, Lesser Servant of Makhleb,
Major Destruction, Greater Servant of Makhleb


You were on level 2 of the Elven Halls.
You worshipped Makhleb.
Makhleb was exalted by your worship.
You visited 5 branches of the dungeon, and saw 28 of its levels.
You also visited: Volcano.

You collected 2273 gold pieces.
You spent 1080 gold pieces at shops.


Innate Abilities, Weirdness & Mutations

You are resistant to damage.
You can heal yourself by infusing magical energy.
You resist negative energy. (rN+)
You passively map the area around you.
You do not regenerate.
You have very sharp teeth.
You are strong-willed. (Will+)
Your muscles are strong. (Str +2)


   Skills:
 - Level 12.1 Fighting
 - Level 15.5 Long Blades
 - Level 2.1 Axes
 - Level 19.7 Armour
 - Level 15.0 Shields
 + Level 8.7 Necromancy
 - Level 11.9 Invocations


You had 9 spell levels left.
You knew the following spells:

 Your Spells              Type           Power      Damage    Failure   Level
a - Death Channel         Necr           19%        N/A       100%        6

Your spell library contained the following spells:

 Spells                   Type           Power      Damage    Failure   Level
 Animate Dead             Necr           19%        N/A       80%         4
 Freeze                   Ice            0%         1d3       99%         1
 Sandblast                Erth           0%         2d4       99%         1
 Passwall                 Tmut/Erth      0%         N/A       100%        2
 Call Canine Familiar     Summ           0%         N/A       100%        3
 Frozen Ramparts          Ice            0%         1d2       100%        3
 Ozocubu's Armour         Ice            0%         N/A       100%        3
 Portal Projectile        Hex/Tloc       0%         N/A       100%        3
 Stone Arrow              Conj/Erth      0%         3d7       100%        3
 Fulminant Prism          Conj/Hex       0%         3d6       100%        4
 Hailstorm                Conj/Ice       0%         3d3       100%        4
 Iskenderun's Mystic Bla  Conj/Tloc      0%         2d3       100%        4
 Leda's Liquefaction      Hex/Erth       0%         N/A       100%        4
 Borgnjor's Vile Clutch   Necr/Erth      9%         N/A       100%        5
 Lee's Rapid Deconstruct  Erth           0%         3d5*      100%        5
 Metabolic Englaciation   Hex/Ice        0%         N/A       100%        5
 Summon Forest            Summ/Tloc      0%         N/A       100%        5
 Eringya's Noxious Bog    Tmut/Pois      0%         N/A       100%        6
 Simulacrum               Ice/Necr       9%         N/A       100%        6
 Statue Form              Tmut/Erth      0%         N/A       100%        6
 Summon Hydra             Summ           0%         N/A       100%        7

Inventory:

Hand Weapons
 a - the +8 demon blade "Leech" (weapon) {vamp, Harm Drain rN+, long}
   (You found it on level 8 of the Dungeon)

   It heals its wielder for a portion of the damage dealt every time it strikes
   a living foe.
   rN:        It protects you from negative energy.
   Drain:     It drains your maximum health when unequipped.
   Harm:      It increases damage dealt and taken.
 b - a +6 hand crossbow of electrocution {crossbow}
   (You found it on level 13 of the Dungeon)
 r - a +0 double sword {longrare=g}
   (You took it off a deep elf blademaster on level 2 of the Elven Halls)
 v - the +6 double sword of Trauma {venom, rN+ Int+10, longrare=g}
   (You took it off a deep elf blademaster on level 2 of the Elven Halls)

   It poisons the flesh of those it strikes.
   Int:       It affects your intelligence (+10).
   rN:        It protects you from negative energy.
 y - the +7 double sword of Disorder {vorpal, rF++ rC+ Int+2, longrare=g}
   (You took it off a deep elf blademaster on level 2 of the Elven Halls)

   It inflicts extra damage upon your enemies.
   Int:       It affects your intelligence (+2).
   rF:        It greatly protects you from fire.
   rC:        It protects you from cold.
 G - a +0 double sword {longrare=g}
   (You took it off a deep elf blademaster on level 2 of the Elven Halls)
Missiles
 f - 508 stones (quivered) {throwing}
Armour
 i - the +1 robe of the Desolation of Salt {rN++ Regen+ Str-5}
   (You found it on level 1 of the Elven Halls)

   Str:       It affects your strength (-5).
   rN:        It greatly protects you from negative energy.
   Regen:     It increases your rate of health regeneration.
 o - a +0 helmet (worn)
   (You found it on level 3 of the Dungeon)
 K - the +8 orange crystal plate armour (worn) {Archmagi, Int+3 Clar, rare=g}
   (You acquired it on level 10 of the Dungeon)

   Int:       It affects your intelligence (+3).
   Clar:      It protects you against confusion.
 P - a +0 kite shield (worn)
   (You found it on level 14 of the Dungeon)
 S - a +2 cloak of preservation (worn)
   (You found it on level 2 of the Lair of Beasts)
Jewellery
 c - a +4 ring of slaying (right hand)
   (You bought it in a shop on level 2 of the Orcish Mines)
 g - an amulet of the acrobat (around neck)
   (You found it on level 1 of the Dungeon)
 k - an amulet of magic regeneration {@e2}
   (You found it on level 2 of the Elven Halls)
 l - a +4 ring of evasion
   (You found it on level 15 of the Dungeon)
 t - the ring "Waz Yliq" (left hand) {AC+4 Str+3 Dex+4 Slay+2}
   (You acquired it on level 4 of the Dungeon)

   [ring of protection]

   AC:        It affects your AC (+4).
   Str:       It affects your strength (+3).
   Dex:       It affects your dexterity (+4).
   Slay:      It affects your accuracy & damage with ranged weapons and melee
   (+2).
 u - a ring of resist corrosion
   (You found it on level 6 of the Dungeon)
 w - a ring of see invisible
   (You found it on level 7 of the Dungeon)
 x - an amulet of guardian spirit
   (You found it on level 8 of the Dungeon)
 F - a +4 ring of evasion
   (You took it off an orc wizard on level 10 of the Dungeon)
Wands
 m - a wand of polymorph (2)
   (You found it on level 2 of the Elven Halls)
 p - a wand of paralysis (5)
   (You found it on level 2 of the Elven Halls)
 q - a wand of flame (42)
   (You found it on level 4 of the Dungeon)
 D - a wand of mindburst (6)
   (You took it off an orc on level 9 of the Dungeon)
 Q - a wand of iceblast (1)
   (You took it off Joseph on level 1 of the Lair of Beasts)
Scrolls
 d - 8 scrolls of teleportation {@r4}
 h - 9 scrolls of identify {@r1}
 n - 6 scrolls of enchant armour
 s - 7 scrolls of immolation {!r!r}
 A - 2 scrolls of fear
 C - 2 scrolls of brand weapon
 E - 6 scrolls of silence {!r}
 J - 5 scrolls of fog
 M - 3 scrolls of vulnerability {!r!r}
 X - a scroll of torment {!r}
Potions
 e - 3 potions of brilliance
 j - 4 potions of cancellation
 z - a potion of magic
 B - 2 potions of invisibility
 I - 3 potions of mutation {!q}
 L - a potion of resistance
 T - 5 potions of lignification {!q}
 Y - 2 potions of flight
Miscellaneous
 R - a piece from Xom's chessboard (15/15)
   (You found it on level 1 of the Lair of Beasts)
 V - a box of beasts
   (You found it on level 5 of the Lair of Beasts)

Dungeon Overview and Level Annotations

Branches:
Dungeon (15/15)            Temple (0/1) D:6            Lair (6/6) D:9
  Swamp (0/4) Lair:2        Snake (0/4) Lair:4        Slime (0/5) Lair:5
    Orc (2/2) D:9             Elf (3/3) Orc:2        Vaults (0/5) D:14
 Depths (2/4) D:15        Volcano (visited)

Altars:
Ashenzari
Cheibriados
Dithmenos
Fedhas
Gozag
Hepliaklqana
Kikubaaqudgha
Makhleb
Qazlal
Ru
Sif Muna
Trog
Vehumet
Wu Jian
Xom
Zin
The Shining One
Beogh
Jiyva

Shops:
D:1 *   D:4 *   D:7 !   D:8 *   D:13 *   Orc:2 *([:   Elf:1 =

Portals:
Hell: Depths:1
Pandemonium: Depths:1

Annotations:
D:3 Robin
D:13 3 runed translucent doors, exclusion: obsidian statue, LobsterGuardian's ghost, journeyman DsGl
Lair:1 exclusion: 2 electric eels
Lair:5 1 runed translucent door
Elf:3 Mara
Depths:1 exclusion: door

* ...### ........,, *#....
** ..#...#
.........#...#...
,,.#.....#........#.....#..
#.......#......#.......#. *
,*.........#....#.........#
..........#..#...........
.......)(..##...........^ *
......{(...##............
......21@.#..#.....).....
.........#....#.........#
,#.......#...)..#.......#.
, .#.....#....)...#.....#..
..#...#....##....#...#...
...###....####....###....
**## ###### ###### #####


You could see 2 dancing weapons, a friendly cacodemon (summoned) and a friendly
Executioner (summoned, fast).


Message History

Your Executioner hits the +1 hand axe of flaming. x2
The +1 hand axe of draining misses you.
Unknown command.
Your Executioner hits the +1 hand axe of flaming!
The +1 hand axe of flaming falls from the air.
Makhleb accepts your kill. The +3 glaive of venom misses you.
The +1 hand axe of draining hits you but does no damage.
You partially resist.
The +1 hand axe of draining misses your Executioner.
You hear some strange, mumbled words.
Your Executioner barely misses the +1 hand axe of draining. x2
Your Executioner hits the +1 hand axe of draining.
You closely miss the +1 hand axe of draining.
Your Executioner hits the +1 hand axe of draining!
Your Executioner closely misses the +1 hand axe of draining.
Your Executioner hits the +1 hand axe of draining.
The +3 glaive of venom hits you but does no damage.
You block the +1 hand axe of draining's attack.
The +1 hand axe of draining hits your Executioner!
Your Executioner barely misses the +1 hand axe of draining.
Your Executioner hits the +1 hand axe of draining.
Your Executioner misses the +1 hand axe of draining.
You closely miss the +1 hand axe of draining.
Your Executioner hits the +1 hand axe of draining!!
The +1 hand axe of draining falls from the air.
Makhleb accepts your kill.
You block the +3 war axe of electrocution's attack.
The +3 glaive of venom hits you. Something hits you but does no damage.
The +0 lajatang of electrocution hits you but does no damage.
You are electrocuted!
You block the +2 battleaxe of venom's attack. 😮 HP[-16]
You take 16 damage, and now have 93/152 hp.
You miss the +0 lajatang of electrocution.
Your Executioner barely misses the +3 war axe of electrocution. x2
Your Executioner hits the +3 war axe of electrocution.
You hear some strange, mumbled words.
A shard of ice appears from out of thin air!
You block the shard of ice.
The +3 war axe of electrocution hits your Executioner.
You block the +3 war axe of electrocution's attack.
The +3 glaive of venom hits you!!
* * * LOW HITPOINT WARNING * * *
You are poisoned.
Your Executioner hits the +3 war axe of electrocution!!
Your Executioner hits the +3 war axe of electrocution!
The +3 war axe of electrocution falls from the air.
Makhleb accepts your kill.
You block the +0 lajatang of electrocution's attack. 😨 HP[-25]
You take 25 damage, and now have 68/152 hp.
A demon appears!
Your Executioner hits the +0 lajatang of electrocution!!
Your Executioner hits the +0 lajatang of electrocution.
Your Executioner completely misses the +0 lajatang of electrocution.
Something hits you but does no damage.
The +2 battleaxe of venom hits you but does no damage.
You are more poisoned.
The +0 lajatang of electrocution hits you but does no damage.
The +3 glaive of venom hits you!
* * * LOW HITPOINT WARNING * * *
You are more poisoned.
Your Executioner misses the +0 lajatang of electrocution.
Your Executioner barely misses the +0 lajatang of electrocution.
Your Executioner completely misses the +0 lajatang of electrocution.
Something hits you but does no damage.
You block the +2 battleaxe of venom's attack. 😨 HP[-16]
You take 16 damage, and now have 52/152 hp.
You feel extremely sick.
Your Executioner hits the +0 lajatang of electrocution!
The +0 lajatang of electrocution falls from the air.
Makhleb accepts your kill.
Your Executioner hits something!
Something blocks your Executioner's attack.
Your Executioner hits something but does no damage.
The +3 glaive of venom hits you from afar!!
* * * LOW HITPOINT WARNING * * *
You are lethally poisoned!
Something hits your Executioner but does no damage.
Your Executioner hits something! Your Executioner hits something.
Something blocks your Executioner's attack.
You see here a +1 hand axe of flaming {axe}. 😱 HP[-32]
You take 32 damage, and now have 20/152 hp.
MASSIVE DAMAGE!! (PAUSE)
Okay, then.
You feel yourself speed up.
* * * LOW HITPOINT WARNING * * *
You feel extremely sick.
Something blocks your Executioner's attack.
Your Executioner hits something. Your Executioner hits something!
Something blocks your Executioner's attack.
Your Executioner hits something. Your Executioner misses something.
Something hits your Executioner!
The +3 glaive of venom hits you but does no damage.
You are more poisoned.
The +2 battleaxe of venom hits you!!
You die...

Skill      XL: |  1  2  3  4  5  6  7  8  9 10 11 12 13 14 15 16 |
---------------+-------------------------------------------------+-----
Fighting       | 3 5 6 7 9 11 12 | 12.1
Armour         | 4 9 11 13 15 16 19 | 19.7
Long Blades    | 5 10 15 | 15.5
Invocations    | 6 9 11 | 11.9
Shields        | 10 14 15 | 15.0
Necromancy     | 8 |  8.7
Axes           | |  2.1

Action                   |  1- 3 |  4- 6 |  7- 9 | 10-12 | 13-15 | 16-18 || total
-------------------------+-------+-------+-------+-------+-------+-------++-------
Melee: War axe           |    99 |   110 |   250 |       |       |       ||   459
       Bite              |       |     4 |    45 |    94 |   187 |    31 ||   361
       Flail             |       |       |   133 |       |       |       ||   133
       Falchion          |       |       |     6 |   121 |       |       ||   127
       Demon blade       |       |       |       |   538 |  1256 |   261 ||  2055
Throw: Stone             |       |       |       |       |   519 |    89 ||   608
Invok: Lesser Servant of |       |       |       |     2 |     3 |       ||     5
       Minor Destruction |       |       |       |       |    10 |       ||    10
       Major Destruction |       |       |       |       |     7 |       ||     7
       Greater Servant o |       |       |       |       |       |     7 ||     7
 Abil: Heal Wounds       |     1 |     2 |    16 |     3 |       |       ||    22
Evoke: Wand              |       |       |     1 |    13 |     4 |       ||    18
  Use: Scroll            |     3 |       |    13 |    12 |     5 |     4 ||    37
       Potion            |     3 |     4 |     6 |     1 |     2 |     9 ||    25
 Stab: Distracted        |       |       |       |       |     1 |       ||     1
       Petrified         |       |       |       |       |     2 |       ||     2
Armor: Scale mail        |    33 |       |       |       |       |       ||    33
       Plate armour      |    16 |    95 |   304 |   257 |       |       ||   672
       Crystal plate arm |       |       |       |   239 |   900 |   167 ||  1306
Dodge: Dodged            |    63 |    29 |   119 |   363 |   312 |    61 ||   947
Block: Buckler           |    23 |    22 |    99 |   159 |       |       ||   303
       Kite shield       |       |       |       |       |   755 |   152 ||   907

Levels and vault maps discovered:
D:1:      minmay_arrival_four_houses, layout_loops_ring, serial_shops,
          nicolae_shop_behind_doors, minmay_domino_4
D:2:      layout_loops_cross, minmay_misc_feat_nine_boxes, uniq_jessica,
          uniq_sigmund, uniq_natasha
D:3:      layout_rooms, xom_teletrap_fun, chequers_ecumenical_altar_twisty,
          lemuel_old_faithful, uniq_terence, uniq_grinder, uniq_robin
D:4:      layout_basic, kennysheep_mini_moat, enter_ossuary_2, serial_shops,
          nicolae_shop_hallway_plus
D:5:      black_bear_nest_2, layout_loops_cross, grunt_temple_overflow_open,
          serial_shops, kennysheep_little_box, uniq_blork_the_orc, uniq_edmund
D:6:      layout_basic, mainiacjoe_overflow_alcove_1, minmay_temple_entry_mist
D:7:      minmay_spotlight, layout_loops_ring, serial_shops,
          nicolae_shop_statue_plus, enter_bailey_3
D:8:      layout_basic, ashenzari_conservatory_becter,
          nicolae_hepliaklqana_hippocampus, serial_shops, nicolae_shop_stone,
          dreamdust_deal_with_the_devil, uniq_erica
D:9:      layout_irregular_city, marbit_many_paths, zin_academy,
          gammafunk_temple_overflow_pools, eat_drink_and_be_merry_uskayaw,
          grunt_lair_entry_orc_guard_hut, zombieorc2_lemuel, grunt_ministairs_15
D:10:     layout_irregular_city, uniq_psyche, uniq_grum
D:11:     layout_irregular_city, kennysheep_slug_shrine
D:12:     layout_roguey, roderic_roman_lattice, kennysheep_vampire_church
D:13:     layout_cave_pools, ebering_ghost_gozag
D:14:     layout_roguey, ximxim_vaults_locker_room
D:15:     grunt_enter_depths_magical_seal, layout_cave_pools,
          serial_park_tiny_2, chequers_serial_rivers_small_a, minmay_hedge_maze
Lair:1:   layout_gridlike, gammafunk_lair_bear_cave, grunt_megastairs_4,
          serial_bayou_shore_a, uniq_joseph
Lair:2:   layout_small_grid, palyth_hydra_swamp_entry, grunt_megastairs_1,
          uniq_urug, uniq_amaemon
Lair:3:   layout_chaotic_city, serial_bayou_pond_d, lemuel_centaur_altar,
          grunt_megastairs_3
Lair:4:   layout_cave_shapes, minmay_snake_entry_guardpost_small,
          nicolae_volcano_entry_two_sided, infiniplex_staircase_pool_2
Lair:5:   layout_regular_city, slime_altar_2
Lair:6:   minmay_lair_end_enchanted_forest, layout_cave_pods
Orc:1:    layout_diamond_mine
Orc:2:    grunt_orc_cross, layout_caves
Elf:1:    eino_elf_arrival_altar, layout_loops_cross, serial_shops,
          nicolae_diamond_shop, shop, shop_statue, minmay_elf_sorcery,
          nicolae_elf_free_trip_to_the_abyss
Elf:2:    nicolae_elf_blades_splatter_lattice [nicolae_blade_entry_antechamber],
          layout_loops_corners, basic_altar, wad_floor_pattern_untrapped,
          nicolae_elf_double_double_double_trouble
Elf:3:    elf_hall, layout_gridlike, nicolae_wooded_promenade, uniq_zenata,
          uniq_mara
Depths:1: hellmonk_crumbling_castle, layout_gridville, pan_entry, hell_entry,
          chequers_serial_rivers_micro_a, lightli_giant_bouncers
Depths:2: minmay_the_grid_4x2 [minmay_the_grid_fan, minmay_the_grid_empty,
          minmay_the_grid_diamond_grid, minmay_the_grid_rooms,
          minmay_the_grid_aliased_spiral, minmay_the_grid_artifice,
          minmay_the_grid_broken_lines, minmay_the_grid_prize_inner_circle],
          layout_cave_pools, enter_ziggurat_b, rand_demon_pan_entry_9,
          hell_entry, abyss_entry

Notes
Turn   | Place    | Note
-------+----------+-------------------------------------------
     0 | D:1      | spaghetti the Deep Dwarf Fighter began the quest for the
                  | Orb.
     0 | D:1      | Reached XP level 1. HP: 20/20 MP: 1/1
     0 | D:1      | magus.rc [v1.9.6]
    19 | D:1      | Reached skill level 3 in Fighting
    58 | D:1      | Reached XP level 2. HP: 23/28 MP: 2/2
    71 | D:1      | Found Silicar's General Store.
   198 | D:1      | You pick up a book of Frost and begin reading...
   198 | D:1      | You add the spells Freeze, Frozen Ramparts and Hailstorm to
                  | your library.
   333 | D:1      | Reached XP level 3. HP: 21/36 MP: 3/3
   379 | D:1      | You fall into a shaft and drop 1 floor!
   388 | D:2      | Reached skill level 4 in Fighting
   448 | D:2      | Noticed Sigmund
   464 | D:2      | Killed Sigmund
   465 | D:2      | Reached skill level 5 in Fighting
   465 | D:2      | Reached XP level 4. HP: 18/48 MP: 4/4
   465 | D:2      | Reached XP level 5. HP: 20/55 MP: 5/5
   698 | D:2      | You pick up a book of the Hunter and begin reading...
   698 | D:2      | You add the spells Call Canine Familiar, Portal Projectile
                  | and Leda's Liquefaction to your library.
   730 | D:2      | Noticed Natasha
   740 | D:2      | Killed Natasha
   741 | D:2      | Reached skill level 6 in Fighting
   784 | D:2      | Noticed Natasha
   790 | D:2      | Killed Natasha
   793 | D:2      | Noticed Jessica
   800 | D:2      | Killed Jessica
   801 | D:2      | Reached XP level 6. HP: 16/62 MP: 6/6
   802 | D:2      | HP: 13/62 [frozen (3)]
  1093 | D:3      | Noticed Terence
  1095 | D:3      | Noticed a sky beast
  1099 | D:3      | Killed Terence
  1119 | D:2      | HP: 12/63 [sky beast (5)]
  1120 | D:2      | Killed a sky beast
  1138 | D:3      | Gained mutation: You have very sharp teeth. [potion of
                  | mutation]
  1138 | D:3      | Gained mutation: You are strong-willed. (Will+) [potion of
                  | mutation]
  1138 | D:3      | Gained mutation: Your muscles are strong. (Str +2) [potion
                  | of mutation]
  1147 | D:3      | Reached skill level 7 in Fighting
  1150 | D:3      | Found a shimmering altar of Xom.
  1186 | D:3      | Noticed Grinder
  1203 | D:3      | Killed Grinder
  1204 | D:3      | Reached XP level 7. HP: 36/73 MP: 6/6
  1323 | D:3      | Found a faded altar of an unknown god.
  1390 | D:3      | Reached skill level 8 in Fighting
  1595 | D:3      | Noticed Robin
  1702 | D:3      | HP: 18/74 [orc/+0 flail (6)]
  2019 | D:4      | Found an ornate altar of the Wu Jian Council.
  2221 | D:4      | Reached skill level 9 in Fighting
  2221 | D:4      | Reached XP level 8. HP: 59/85 MP: 7/7
  2291 | D:4      | Found a sand-covered staircase.
  2331 | D:4      | Found Nat Nab's Assorted Antiques.
  2452 | D:4      | HP: 19/85 [gnoll/+0 halberd (7)]
  2723 | D:4      | Identified a scroll of acquirement
  2748 | D:4      | Acquired the ring "Waz Yliq" {AC+4 Str+3 Dex+4 Slay+2}
  2824 | D:5      | Entered Level 5 of the Dungeon
  2869 | D:5      | Found a blossoming altar of Fedhas.
  2870 | D:5      | Found a burning altar of Makhleb.
  2881 | D:5      | Found a shadowy altar of Dithmenos.
  2883 | D:5      | Became a worshipper of Makhleb the Destroyer
  2913 | D:5      | Noticed Edmund
  2919 | D:5      | HP: 18/85 [Edmund/+5 vorpal flail (4)]
  3076 | D:6      | Found a staircase to the Ecumenical Temple.
  3170 | D:6      | Found a glowing golden altar of the Shining One.
  3233 | D:6      | You pick up a book of Blasting and begin reading...
  3233 | D:6      | You add the spells Fulminant Prism, Iskenderun's Mystic
                  | Blast and Lee's Rapid Deconstruction to your library.
  3239 | D:6      | HP: 8/86 [ogre/+0 giant spiked club (22)]
  3324 | D:5      | Reached skill level 10 in Fighting
  3351 | D:5      | You pick up a book of Geomancy and begin reading...
  3351 | D:5      | You add the spells Sandblast, Passwall and Stone Arrow to
                  | your library.
  3563 | D:5      | HP: 21/86 [Edmund/+5 vorpal flail (4)]
  3568 | D:5      | HP: 15/86 [Edmund/+5 vorpal flail (3)]
  3572 | D:5      | Killed Edmund
  3647 | D:5      | Noticed Blork the orc
  3657 | D:5      | HP: 20/88 [Blork the orc/magic dart (3)]
  3659 | D:5      | Killed Blork the orc
  3744 | D:5      | Reached skill level 11 in Fighting
  3979 | D:7      | Reached skill level 4 in Armour
  3979 | D:7      | Gained mutation: You passively map the area around you.
                  | [Deep Dwarf growth]
  3979 | D:7      | Reached XP level 9. HP: 41/97 MP: 5/5
  3981 | D:7      | Found Beahamup's Distillery.
  3996 | D:7      | Bought a potion of curing for 48 gold pieces
  3996 | D:7      | Bought a potion of curing for 48 gold pieces
  3996 | D:7      | Bought a potion of curing for 48 gold pieces
  4092 | D:7      | Reached skill level 5 in Armour
  4199 | D:7      | Reached skill level 6 in Armour
  4215 | D:7      | Reached skill level 7 in Armour
  4237 | D:7      | Reached * piety under Makhleb
  4238 | D:7      | Reached skill level 8 in Armour
  4259 | D:7      | HP: 21/97 [iguana (5)]
  4385 | D:7      | Reached skill level 9 in Armour
  4792 | D:8      | Found a broken altar of Ashenzari.
  5049 | D:8      | Found Kuiner's Assorted Antiques.
  5066 | D:8      | Reached XP level 10. HP: 76/104 MP: 4/4
  5103 | D:7      | Reached skill level 10 in Armour
  5202 | D:8      | Noticed Erica
  5210 | D:8      | Reached ** piety under Makhleb
  5225 | D:8      | HP: 25/105 [rock wall collision (4)]
  5228 | D:8      | Killed Erica
  5230 | D:8      | HP: 21/105 [orc wizard/puff of flame (7)]
  5240 | D:8      | HP: 22/105 [steam dragon/ball of steam (17)]
  5278 | D:8      | Reached skill level 11 in Armour
  5298 | D:8      | Found the +8 demon blade "Leech" {vamp, Harm Drain rN+}
  5352 | D:8      | Reached skill level 1 in Long Blades
  5569 | D:8      | Reached skill level 2 in Long Blades
  5574 | D:8      | Reached skill level 12 in Fighting
  5580 | D:8      | Reached skill level 3 in Long Blades
  5591 | D:8      | Reached skill level 4 in Long Blades
  5604 | D:8      | Found a hazy altar of Hepliaklqana.
  5772 | D:8      | Reached skill level 5 in Long Blades
  5959 | D:9      | Reached XP level 11. HP: 110/114 MP: 5/5
  5985 | D:9      | Noticed a two-headed ogre
  5996 | D:9      | Killed a two-headed ogre
  5997 | D:9      | Reached skill level 6 in Long Blades
  6031 | D:9      | Reached *** piety under Makhleb
  6056 | D:9      | Reached skill level 7 in Long Blades
  6107 | D:9      | Found a staircase to the Orcish Mines.
  6128 | D:9      | Noticed a two-headed ogre
  6138 | D:9      | Killed a two-headed ogre
  6139 | D:9      | Reached skill level 8 in Long Blades
  6201 | D:9      | Reached **** piety under Makhleb
  6204 | D:9      | Found a glowing silver altar of Zin.
  6339 | D:9      | Found a bloodstained altar of Trog.
  6371 | D:9      | Found a shimmering blue altar of Sif Muna.
  6371 | D:9      | Found a sacrificial altar of Ru.
  6424 | D:9      | Found a staircase to the Lair.
  6444 | D:10     | Entered Level 10 of the Dungeon
  6541 | D:10     | Noticed Grum
  6547 | D:10     | Reached skill level 1 in Invocations
  6551 | D:10     | Killed Grum
  6666 | D:10     | Noticed a two-headed ogre
  6672 | D:10     | Killed a two-headed ogre
  6673 | D:10     | Reached skill level 2 in Invocations
  6733 | D:10     | Reached skill level 3 in Invocations
  7031 | D:10     | Reached skill level 9 in Long Blades
  7031 | D:10     | Reached skill level 4 in Invocations
  7089 | D:10     | Acquired the +8 orange crystal plate armour {Archmagi,
                  | Int+3 Clar}
  7089 | D:10     | Found the +8 orange crystal plate armour {Archmagi, Int+3
                  | Clar, rare=g}
  7090 | D:10     | K - the +8 orange crystal plate armour {Archmagi, Int+3
                  | Clar, rare=g}
  7101 | D:10     | You finish putting on the +8 orange crystal plate armour
                  | {Archmagi, Int+3 Clar, rare=g}.
  7176 | D:11     | Noticed a two-headed ogre
  7186 | D:11     | Killed a two-headed ogre
  7310 | D:11     | Found a snail-covered altar of Cheibriados.
  7486 | D:11     | Reached skill level 5 in Invocations
  7824 | D:12     | Found an ancient bone altar of Kikubaaqudgha.
  7938 | D:12     | Reached skill level 6 in Invocations
  7974 | D:12     | Acquired a manual of Long Blades
  7978 | D:12     | You pick up a book of the Earth and begin reading...
  8193 | D:12     | Reached skill level 10 in Long Blades
  8259 | D:12     | Noticed a boulder beetle
  8275 | D:12     | Killed a boulder beetle
  8276 | D:12     | Reached XP level 12. HP: 122/122 MP: 10/10
  8277 | D:12     | Identified the +4 spear "Odouqyum" {vamp, +Blink}
  8416 | D:12     | Reached skill level 11 in Long Blades
  8513 | D:13     | Noticed an eight-headed hydra
  8514 | D:13     | Reached skill level 12 in Long Blades
  8520 | D:13     | Reached ***** piety under Makhleb
  8526 | D:13     | Killed an eight-headed hydra
  8564 | D:13     | Reached skill level 13 in Long Blades
  8715 | D:13     | Noticed a four-headed hydra
  8725 | D:13     | Killed a four-headed hydra
  8737 | D:13     | Found a runed translucent gate.
  8738 | D:13     | Found a runed translucent gate.
  8738 | D:13     | Found a runed translucent gate.
  8739 | D:13     | Found an opulent altar of Gozag.
  8740 | D:13     | Noticed a centaur warrior
  8740 | D:13     | Noticed LobsterGuardian's ghost (journeyman DsGl)
  8740 | D:13     | Noticed a boulder beetle
  8742 | D:13     | Found Lathum's Assorted Antiques.
  8742 | D:13     | Noticed a frost giant
  8775 | D:13     | Reached skill level 14 in Long Blades
  8945 | D:14     | Noticed a centaur warrior
  8954 | D:14     | Killed a centaur warrior
  9001 | D:14     | Reached skill level 15 in Long Blades
  9128 | D:14     | Noticed a boulder beetle
  9135 | D:14     | Killed a boulder beetle
  9202 | D:14     | Noticed a boulder beetle
  9225 | D:14     | Killed a boulder beetle
  9226 | D:14     | Reached skill level 12 in Armour
  9238 | D:14     | Noticed a vault guard
  9238 | D:14     | Noticed a vault guard
  9238 | D:14     | Noticed a vault guard
  9239 | D:14     | Noticed a vault guard
  9279 | D:14     | Killed a vault guard
  9290 | D:14     | Killed a vault guard
  9306 | D:14     | Killed a vault guard
  9310 | D:14     | Reached skill level 13 in Armour
  9322 | D:14     | Killed a vault guard
  9335 | D:14     | Found a gate to the Vaults.
  9394 | D:14     | Noticed a centaur warrior
  9408 | D:14     | Killed a centaur warrior
  9409 | D:14     | Reached XP level 13. HP: 129/129 MP: 11/11
  9633 | D:15     | Entered Level 15 of the Dungeon
  9665 | D:15     | Identified the +1 leather armour of the Several Bounties
                  | {rF+}
  9702 | D:14     | Reached skill level 4 in Shields
  9828 | Orc:1    | Entered Level 1 of the Orcish Mines
 10081 | Orc:1    | Reached skill level 5 in Shields
 10222 | Orc:2    | Entered Level 2 of the Orcish Mines
 10223 | Orc:2    | Found a staircase to the Elven Halls.
 10401 | Orc:2    | Reached skill level 14 in Armour
 10401 | Orc:2    | Reached skill level 6 in Shields
 10418 | Orc:2    | HP: 23/129 [orc knight/+0 battleaxe (32)]
 10434 | Orc:2    | HP: 25/129 [orc warrior/+0 flail (4)]
 10444 | Orc:2    | Noticed an orc warlord
 10449 | Orc:2    | Reached skill level 7 in Shields
 10485 | Orc:2    | Killed an orc warlord
 10528 | Orc:2    | Found Vynturre's Book Boutique.
 10552 | Orc:2    | Found Furiag's Antique Armour Boutique.
 10614 | Orc:2    | Reached skill level 8 in Shields
 10735 | Orc:2    | Found Farus's Antique Weapon Boutique.
 10750 | Orc:2    | Found Igroeb's General Store.
 10758 | Orc:2    | Bought a +4 ring of slaying for 936 gold pieces
 11313 | Lair:1   | Entered Level 1 of the Lair of Beasts
 11376 | Lair:1   | Noticed Joseph
 11382 | Lair:1   | Killed Joseph
 11536 | Lair:1   | Reached skill level 9 in Shields
 12244 | Lair:2   | Noticed Amaemon
 12260 | Lair:2   | Killed Amaemon
 12261 | Lair:2   | Reached skill level 15 in Armour
 12261 | Lair:2   | Reached skill level 10 in Shields
 12452 | Lair:2   | Gained mutation: You resist negative energy. (rN+) [Deep
                  | Dwarf growth]
 12452 | Lair:2   | Reached XP level 14. HP: 138/138 MP: 12/12
 12466 | Lair:2   | Reached ****** piety under Makhleb
 12720 | Lair:2   | Noticed Urug
 12731 | Lair:2   | Killed Urug
 12886 | Lair:2   | Found a staircase to the Swamp.
 12997 | Lair:3   | Reached skill level 11 in Shields
 13071 | Lair:3   | You add the spells Summon Forest, Eringya's Noxious Bog and
                  | Summon Hydra to your library.
 13727 | Lair:3   | Found a stormy altar of Qazlal.
 13751 | Lair:3   | magus.rc [v1.9.6]
 14002 | Lair:4   | Found a dark tunnel.
 14048 | Volcano  | Entered a volcano
 14191 | Volcano  | Found a radiant altar of Vehumet.
 14196 | Volcano  | Reached skill level 12 in Shields
 14263 | Volcano  | Noticed a stone giant
 14273 | Volcano  | Killed a stone giant
 14299 | Volcano  | Identified the +11 scimitar "Jellybane" {drain, rCorr}
 14689 | Lair:4   | Found a staircase to the Snake Pit.
 14965 | Lair:4   | Reached skill level 16 in Armour
 14982 | Lair:4   | Reached skill level 13 in Shields
 15611 | Lair:5   | You pick up a book of Winter and begin reading...
 15611 | Lair:5   | You add the spells Ozocubu's Armour, Metabolic Englaciation
                  | and Simulacrum to your library.
 15960 | Lair:5   | Found a runed translucent door.
 15960 | Lair:5   | Found a viscous altar of Jiyva.
 15960 | Lair:5   | Noticed an acid blob
 15960 | Lair:5   | Noticed an acid blob
 15961 | Lair:5   | Found a staircase to the Slime Pits.
 16205 | Lair:6   | Entered Level 6 of the Lair of Beasts
 16344 | Lair:6   | Reached skill level 14 in Shields
 16718 | Lair:6   | Reached XP level 15. HP: 144/144 MP: 13/13
 17361 | Lair:6   | Reached skill level 15 in Shields
 17390 | Lair:6   | Reached skill level 17 in Armour
 17546 | Lair:6   | Paralysed by a hornet for 2 turns
 18330 | D:15     | Found a staircase to the Depths.
 18336 | D:15     | Reached skill level 18 in Armour
 18350 | Depths:1 | Entered Level 1 of the Depths
 18510 | Depths:1 | Reached skill level 7 in Invocations
 18685 | Depths:1 | Noticed a fire giant
 18696 | Depths:1 | Killed a fire giant
 18814 | Depths:1 | Reached skill level 8 in Invocations
 18922 | Depths:1 | Found a gateway to Hell.
 19044 | Depths:1 | Found a one-way gate leading to the halls of Pandemonium.
 19096 | Depths:1 | Found a runed translucent door.
 19123 | Depths:1 | Noticed a fire giant
 19259 | Depths:1 | Paralysed by a floating eye for 3 turns
 19438 | Depths:2 | Reached skill level 9 in Invocations
 19681 | Elf:1    | Entered Level 1 of the Elven Halls
 19721 | Elf:1    | Found a radiant altar of Vehumet.
 19751 | Elf:1    | Reached skill level 19 in Armour
 19773 | Elf:1    | Identified the +1 robe of the Desolation of Salt {rN++
                  | Regen+ Str-5}
 19843 | Elf:1    | Reached XP level 16. HP: 129/152 MP: 17/17
 19856 | Elf:1    | Reached skill level 10 in Invocations
 19870 | Elf:1    | Found Qoz Olis's Jewellery Emporium.
 20007 | Elf:2    | Found a runed translucent gate.
 20007 | Elf:2    | Found a runed translucent gate.
 20007 | Elf:2    | Found a runed translucent gate.
 20046 | Elf:2    | Paralysed by an air elemental for 1 turns
 20067 | Elf:2    | Reached skill level 11 in Invocations
 20219 | Elf:2    | Paralysed by an air elemental for 1 turns
 20324 | Elf:2    | Found a shimmering blue altar of Sif Muna.
 20431 | Elf:2    | You pick up a book of Unlife and begin reading...
 20431 | Elf:2    | You add the spells Animate Dead, Borgnjor's Vile Clutch and
                  | Death Channel to your library.
 20437 | Elf:2    | Found a huge runed translucent gate.
 20437 | Elf:2    | Found a huge runed translucent gate.
 20437 | Elf:2    | Found a huge runed translucent gate.
 20437 | Elf:2    | Found a huge runed translucent gate.
 20437 | Elf:2    | Found a huge runed translucent gate.
 20445 | Elf:2    | Learned a level 6 spell: Death Channel
 20445 | Elf:2    | Found a huge runed translucent gate.
 20445 | Elf:2    | Found a huge runed translucent gate.
 20446 | Elf:2    | Found a huge runed translucent gate.
 20450 | Elf:2    | Identified the +6 double sword of Trauma {venom, rN+
                  | Int+10}
 20450 | Elf:2    | Noticed a deep elf blademaster
 20492 | Elf:2    | Reached skill level 1 in Necromancy
 20509 | Elf:2    | Reached skill level 2 in Necromancy
 20518 | Elf:2    | Reached skill level 3 in Necromancy
 20547 | Elf:2    | Reached skill level 4 in Necromancy
 20948 | Elf:2    | Identified the +7 double sword of Disorder {vorpal, rF++
                  | rC+ Int+2}
 20948 | Elf:2    | Noticed a deep elf blademaster
 20965 | Elf:2    | HP: 36/152 [deep elf blademaster/the +6 double sword of
                  | Trauma {venom, rN+ Int+10} (13)]
 20971 | Elf:2    | Killed a deep elf blademaster
 20972 | Elf:2    | Reached skill level 5 in Necromancy
 20973 | Elf:3    | Entered Level 3 of the Elven Halls
 20978 | Elf:3    | HP: 31/152 [deep elf zephyrmancer/bolt of lightning (6)]
 21361 | Elf:2    | r - a +0 double sword {longrare=g}
 21361 | Elf:2    | v - the +6 double sword of Trauma {venom, rN+ Int+10,
                  | longrare=g}
 21378 | Elf:2    | Killed a deep elf blademaster
 21381 | Elf:2    | y - the +7 double sword of Disorder {vorpal, rF++ rC+
                  | Int+2, longrare=g}
 21381 | Elf:2    | G - a +0 double sword {longrare=g}
 21382 | Elf:2    | You drop a +0 double sword {longrare=g}.
 21383 | Elf:2    | r - a +0 double sword {longrare=g}
 21523 | Elf:3    | Noticed Mara
 21580 | Elf:2    | Reached skill level 6 in Necromancy
 21631 | Elf:2    | Reached skill level 7 in Necromancy
 21696 | Elf:2    | Reached skill level 8 in Necromancy
 21719 | Elf:2    | HP: 20/152 [+3 glaive of venom (23)]
 21720 | Elf:2    | HP: 6/152 [poisoned by a +3 glaive of venom]
 21720 | Elf:2    | Annihilated by a +2 battleaxe of venom

Vanquished Creatures
  A fire giant (Depths:1)
  An orc warlord (Orc:2)
  5 stone giants
  7 ettins
  A fire dragon (Depths:1)
  4 vault guards (D:14)
  6 hydras
  5 boulder beetles
  A rakshasa (Depths:1)
  4 two-headed ogres
  2 catoblepae
  8 dancing weapons
  3 death yaks (Lair:6)
  2 tengu warriors (Depths:1)
  2 centaur warriors (D:14)
  A deep troll earth mage (Depths:1)
  11 deep elf knights
  3 orc high priests
  Urug (Lair:2)
  Amaemon (Lair:2)
  An iron troll (Depths:1)
  2 deep trolls (Depths:1)
  11 deep elf archers
  A necromancer (D:15)
  4 orc knights
  4 orc sorcerers
  5 ugly things
  18 deep elf zephyrmancers
  19 deep elf pyromancers
  2 cyclopes
  6 manticores
  15 elephants
  8 black mambas
  A naga mage (D:15)
  A centaur zombie (D:15)
  Joseph (Lair:1)
  9 cane toads
  An orange demon (Lair:2)
  A molten gargoyle (Volcano)
  3 gargoyles
  A centaur skeleton (D:15)
  An unseen horror (D:11)
  5 rime drakes
  14 komodo dragons
  An efreet (Volcano)
  A kobold demonologist (D:13)
  2 tengu conjurers (Depths:1)
  2 trolls (D:12)
  7 hornets
  5 polar bears
  Grinder (D:3)
  A blink frog (shapeshifter) (Elf:2)
  A harpy skeleton (D:15)
  12 blink frogs
  5 dream sheep
  A centaur simulacrum (D:14)
  2 shadows (D:9)
  14 spriggans (Lair:6)
  2 air elementals (Elf:2)
  3 water elementals
  4 wraiths
  Sigmund (D:2)
  A fire bat (Volcano)
  10 vampire mosquitoes
  2 wyverns
  60 yaks
  6 fire elementals
  7 humans (D:14)
  5 steam dragons
  Grum (D:10)
  Edmund (D:5)
  A warg (Orc:2)
  2 two-headed ogre zombies (D:9)
  A swamp worm (Lair:2)
  3 nagas (Lair:4)
  4 acid dragons
  A floating eye (shapeshifter) (Elf:1)
  26 water moccasins
  A floating eye (Depths:1)
  9 black bears
  28 orc warriors
  A sky beast (D:2)
  5 ice beasts
  6 ogres
  3 boggarts (Lair:6)
  29 wolves
  A tengu (shapeshifter) (D:15)
  6 centaurs
  3 phantoms
  12 bullfrogs
  Blork the orc (D:5)
  2 earth elementals
  2 scorpions
  A necrophage (D:4)
  7 wights (D:7)
  6 killer bees
  A troll zombie (D:9)
  An electric eel (Lair:1)
  2 vampire bats (D:12)
  8 howler monkeys
  4 lava snakes (Volcano)
  A hound (D:5)
  2 jellies
  3 gnoll shamans (D:9)
  15 orc priests
  Jessica (D:2)
  4 iguanas
  21 orc wizards
  Terence (D:3)
  Natasha (twice) (D:2)
  5 ogre zombies (D:9)
  12 gnolls
  10 adders
  A white imp (D:5)
  4 ufetubi
  2 worms
  4 dart slugs
  79 orcs
  3 ball pythons
  9 bats
  2 bat skeletons (D:12)
  4 bat zombies (D:12)
  10 endoplasms
  3 giant cockroaches (D:1)
  16 hobgoblins
  7 jackals
  3 quokkas
  3 frilled lizards
  15 goblins
  4 goblin skeletons (D:9)
  2 hobgoblin skeletons (D:9)
  3 hobgoblin zombies (D:9)
  5 kobolds
  An orc skeleton (D:9)
  14 orc zombies (D:9)
  5 rats
814 creatures vanquished.

Vanquished Creatures (collateral kills)
  2 deep elf blademasters (Elf:2)
  A hydra (D:13)
  9 dancing weapons (Elf:2)
  2 deep elf knights (Elf:2)
  An orc knight (Orc:2)
  A deep elf pyromancer (Elf:2)
  2 deep elf zephyrmancers
  A cyclops (D:13)
  An orc sorcerer (Orc:2)
  5 orc warriors (Orc:2)
  2 orc wizards (Orc:2)
  An orc (Orc:2)
28 creatures vanquished.

Vanquished Creatures (others)
  Erica (D:8)
  A tengu conjurer (Depths:1)
  A human (D:14)
  An orc wizard (Orc:2)
  An orc (D:7)
  An endoplasm (D:3)
  28 fungi
  40 plants
74 creatures vanquished.

Grand Total: 916 creatures vanquished

Table legend:
 A = Non-vault XP
 B = Vault XP
 C = Vault XP percentage of total XP
 D = Non-vault monster count
 E = Vault monster count
 F = Vault count percentage of total count
                 A         B        C        D         E       F
            +---------+---------+-------+---------+---------+-------
      Total |  141408 |   63738 |  31.1 |     595 |     249 |  29.5
            +---------+---------+-------+---------+---------+-------
        D:1 |      48 |       2 |   4.0 |      26 |       1 |   3.7
        D:2 |     237 |     280 |  54.2 |      25 |       3 |  10.7
        D:3 |     219 |     327 |  59.9 |      31 |       5 |  13.9
        D:4 |     530 |       0 |   0.0 |      25 |       0 |   0.0
        D:5 |     564 |     269 |  32.3 |      12 |       2 |  14.3
        D:6 |     237 |       0 |   0.0 |       7 |       0 |   0.0
        D:7 |    2426 |     722 |  22.9 |      24 |      12 |  33.3
        D:8 |    3327 |    1030 |  23.6 |      27 |       3 |  10.0
        D:9 |    2717 |    1407 |  34.1 |      28 |      43 |  60.6
       D:10 |    2062 |     412 |  16.7 |      17 |       3 |  15.0
       D:11 |    2493 |       4 |   0.2 |       7 |       1 |  12.5
       D:12 |    3177 |     122 |   3.7 |      12 |       8 |  40.0
       D:13 |    5999 |       0 |   0.0 |      13 |       0 |   0.0
       D:14 |    6210 |    4859 |  43.9 |      14 |      11 |  44.0
       D:15 |    6125 |    3943 |  39.2 |      11 |       8 |  42.1
     Lair:1 |    3521 |    1496 |  29.8 |      13 |       6 |  31.6
     Lair:2 |    5616 |    4712 |  45.6 |      20 |       9 |  31.0
     Lair:3 |    5999 |    1455 |  19.5 |      23 |       8 |  25.8
     Lair:4 |    7174 |     483 |   6.3 |      29 |       3 |   9.4
     Lair:5 |    5043 |       0 |   0.0 |      19 |       0 |   0.0
     Lair:6 |   17256 |    8089 |  31.9 |      50 |      46 |  47.9
      Orc:1 |    2078 |       0 |   0.0 |      32 |       0 |   0.0
      Orc:2 |    3073 |    7545 |  71.1 |      45 |      33 |  42.3
      Elf:1 |    8376 |    3616 |  30.2 |      12 |       7 |  36.8
      Elf:2 |   26614 |   19626 |  42.4 |      47 |      24 |  33.8
      Elf:3 |     565 |       0 |   0.0 |       1 |       0 |   0.0
   Depths:1 |   18596 |       0 |   0.0 |      23 |       0 |   0.0
   Depths:2 |    1126 |       0 |   0.0 |       2 |       0 |   0.0
    Volcano |       0 |    3339 | 100.0 |       0 |      13 | 100.0
            +---------+---------+-------+---------+---------+-------

Illustrated notes

Table legend:
 A = Kills in this place as a percentage of kills in entire the game.
 B = Kills by you in this place as a percentage of kills by you in the entire game.
 C = Kills by friends in this place as a percentage of kills by friends in the entire game.
 D = Other kills in this place as a percentage of other kills in the entire game.
 E = Experience gained in this place as a percentage of experience gained in the entire game.
 F = Experience gained in this place divided by the number of levels of this place that you have seen.
                   A       B       C       D       E      F
               +-------+-------+-------+-------+-------+----------------------
         Total | 100.0 | 100.0 | 100.0 | 100.0 | 100.0 | 7074.0
       Dungeon |  44.9 |  46.2 |   7.1 |  50.0 |  24.3 | 3316.5
          Lair |  26.8 |  27.8 |   0.0 |   0.0 |  29.7 | 10140.7
  Orcish Mines |  13.0 |  12.3 |  35.7 |   0.0 |   6.2 | 6348.0
   Elven Halls |  10.8 |   9.2 |  57.1 |   0.0 |  28.7 | 19599.0
        Depths |   3.0 |   2.9 |   0.0 |  50.0 |   9.6 | 9861.0
       Volcano |   1.5 |   1.6 |   0.0 |   0.0 |   1.6 | 3339.0
               +-------+-------+-------+-------+-------+----------------------

Table legend: (Time is in decaauts)
 A = Elapsed time spent in this place.
 B = Non-inter-level travel time spent in this place.
 C = Inter-level travel time spent in this place.
 D = Time resting spent in this place.
 E = Time spent auto-exploring this place.
 F = Levels seen in this place.
 G = Mean time per level.
                   A        B        C        D        E       F      G
               +--------+--------+--------+--------+--------+-----+--------+
         Total |  21632 |  20056 |   1576 |    685 |  13474 |  29 |  745.9 |
       Dungeon |  10644 |   9649 |    995 |    187 |   6489 |  15 |  709.6 |
          Lair |   6109 |   5781 |    328 |    100 |   4349 |   6 | 1018.2 |
  Orcish Mines |   1359 |   1208 |    151 |      0 |    823 |   2 |  679.5 |
   Elven Halls |   1950 |   1902 |     48 |    292 |    952 |   3 |  650.0 |
        Depths |   1129 |   1077 |     52 |    106 |    731 |   2 |  564.5 |
       Volcano |    438 |    438 |      0 |      0 |    129 |   1 |  438.0 |
               +--------+--------+--------+--------+--------+-----+--------+

Top non-repeatable levels by time:
  Lair:6: 1582 daAuts
   Elf:2: 1399 daAuts
Depths:1: 1057 daAuts
  Lair:3: 1044 daAuts
     D:4: 1012 daAuts
     D:8: 1008 daAuts
  Lair:2: 922 daAuts
  Lair:5: 912 daAuts
  Lair:4: 895 daAuts
     D:7: 886 daAuts
     D:9: 856 daAuts
     D:3: 851 daAuts
     D:5: 816 daAuts
   Orc:2: 804 daAuts
     D:2: 765 daAuts
